[Event "Titled Tuesday Blitz August 22 Early 2023"]
[White "Labussiere, Yago"]
[Black "Frolyanov, Dmitry"]
[WhiteFideId "2186969"]
[BlackFideId "4151976"]
[WhiteElo "2375"]
[BlackElo "2636"]
[Result "1/2-1/2"]
[Round "1"]
[TimeControl "180+1"]
[Date "2023.08.22"]
[WhiteClock "0:00:21"]
[BlackClock "0:00:17"]
[Board "137"]

1. c4 Nf6 2. Nc3 e6 3. e4 d5 4. e5 d4 5. exf6 dxc3 6. bxc3 Qxf6 7. Bd3 Bd6 8. Nf3 O-O 9. O-O Nc6 10. Be4 Ne5 11. d4 Nxf3+ 12. Qxf3 Qxf3 13. Bxf3 Rb8 14. c5 Be7 15. Bf4 Bd8 16. Rab1 b6 17. Rfc1 Ba6 18. c4 Rc8 19. c6 Be7 20. d5 exd5 21. Bxd5 Bd6 22. Bxd6 cxd6 23. Rc3 Rc7 24. Re1 Bc8 25. Rce3 Be6 26. Rd1 Rd8 27. Red3 Bc8 28. Re3 Kf8 29. f4 Re8 30. Rxe8+ Kxe8 31. Kf2 Kd8 32. h3 Re7 33. g4 Kc7 34. Re1 Rxe1 35. Kxe1 f6 36. Kf2 h5 37. Kf3 hxg4+ 38. hxg4 g5 39. f5 Ba6 40. a4 Bc8 41. Ke4 a5 42. Kd4 Ba6 43. Be4 Bc8 44. Bd5 Ba6 45. Be4 Bc8 46. Bd5 1/2-1/2


[Site "https://www.chess.com"]

[Event "Titled Tuesday Blitz August 22 Early 2023"]
[White "Czopor, Maciej"]
[Black "Ovezdurdyyeva, Jemal"]
[WhiteFideId "21805431"]
[BlackFideId "14001888"]
[WhiteElo "2636"]
[BlackElo "2374"]
[Result "1-0"]
[Round "1"]
[TimeControl "180+1"]
[Date "2023.08.22"]
[WhiteClock "0:00:40"]
[BlackClock "0:00:00"]
[Board "138"]

1. d4 Nf6 2. c4 e6 3. g4 d5 4. g5 Ne4 5. Bg2 Be7 6. h4 f6 7. gxf6 Bxf6 8. Nc3 Nxc3 9. bxc3 Bxh4 10. Nf3 Bf6 11. Ba3 Nd7 12. Qd3 g6 13. O-O-O Nb6 14. Rxh7 Rg8 15. Nd2 Bg5 16. e3 Bd7 17. f4 Bf6 18. Rdh1 c6 19. Bd6 Na4 20. R1h6 Qb6 21. Nb3 O-O-O 22. c5 Qb5 23. Qxb5 cxb5 24. Rf7 Bh8 25. Rhh7 Nxc3 26. Be7 Rde8 27. Kb2 Na4+ 28. Kc2 g5 29. Bxg5 Bc6 30. Bh3 Kb8 31. Na5 1-0


[Site "https://www.chess.com"]

[Event "Titled Tuesday Blitz August 22 Early 2023"]
[White "Issabayev, Dias"]
[Black "HamedWafa4"]
[WhiteFideId "13703110"]
[WhiteElo "2372"]
[BlackElo "2633"]
[Result "1-0"]
[Round "1"]
[TimeControl "180+1"]
[Date "2023.08.22"]
[WhiteClock "0:01:42"]
[BlackClock "0:01:19"]
[Board "139"]

1. Nf3 Nf6 2. g3 d5 3. Bg2 c6 4. c4 Bf5 5. O-O e6 6. d4 Be7 7. Nc3 h6 8. Bf4 Nbd7 9. Ne5 O-O 10. Rc1 Bh7 11. Qb3 Qb6 12. c5 Qxb3 13. axb3 Nxe5 14. Bxe5 Nd7 15. Bf4 f6 16. Bd2 e5 17. e3 Rae8 18. b4 a6 19. Rfe1 e4 20. Bh3 f5 21. Bg2 g5 22. Ne2 Rf7 23. Ra1 Nf8 24. Nc3 Ne6 25. b5 axb5 26. Ra7 Bf6 27. Rea1 f4 28. Bh3 fxe3 29. fxe3 Ng7 30. Ra8 Bf5 31. Rxe8+ Nxe8 32. Bxf5 Kg7 33. Ra8 Re7 34. g4 Nc7 35. Rc8 Na6 36. Ne2 Kf7 37. Ng3 Rc7 38. Ra8 Be7 39. Ba5 1-0


[Site "https://www.chess.com"]

[Event "Titled Tuesday Blitz August 22 Early 2023"]
[White "Subelj, Jan"]
[Black "Buscar, Michael"]
[WhiteFideId "14618583"]
[BlackFideId "2603616"]
[WhiteElo "2633"]
[BlackElo "2370"]
[Result "1-0"]
[Round "1"]
[TimeControl "180+1"]
[Date "2023.08.22"]
[WhiteClock "0:01:32"]
[BlackClock "0:00:03"]
[Board "140"]

1. Nc3 Nf6 2. Nf3 c5 3. d4 cxd4 4. Nxd4 Nc6 5. g3 Qb6 6. Nb3 Ng4 7. e3 d6 8. Bg2 g6 9. O-O Bg7 10. Nd5 Qd8 11. c3 O-O 12. e4 Nf6 13. Nxf6+ Bxf6 14. Bh6 Bg7 15. Qd2 Be6 16. Nd4 Nxd4 17. Bxg7 Kxg7 18. cxd4 f6 19. d5 Bd7 20. h4 Qb6 21. Rac1 Rac8 22. h5 a5 23. h6+ Kf7 24. Kh2 Qb4 25. Rc3 Rxc3 26. bxc3 Qc4 27. f4 Rc8 28. Rf3 Bg4 29. Re3 b5 30. e5 b4 31. cxb4 axb4 32. Qe1 Qc1 33. e6+ Ke8 34. Qxc1 Rxc1 35. Rb3 Rc4 36. a3 Bd1 37. Rxb4 Rxb4 38. axb4 Kd8 39. Kh3 Bc2 40. g4 Kc7 41. Kg3 Kb6 42. Bf1 Bb3 43. Bd3 Bxd5 44. Bxg6 Bxe6 45. Bxh7 Kb5 46. Bd3+ 1-0


[Site "https://www.chess.com"]

[Event "Titled Tuesday Blitz August 22 Early 2023"]
[White "Konenkin, Dmitry"]
[Black "Plazuelo Pascual, Juan"]
[WhiteFideId "4185781"]
[BlackFideId "32059566"]
[WhiteElo "2369"]
[BlackElo "2631"]
[Result "0-1"]
[Round "1"]
[TimeControl "180+1"]
[Date "2023.08.22"]
[WhiteClock "0:00:00"]
[BlackClock "0:00:04"]
[Board "141"]

1. d4 Nf6 2. Bg5 Ne4 3. Bh4 g5 4. f3 gxh4 5. fxe4 Bh6 6. Qd3 c5 7. e3 Qb6 8. Nc3 Nc6 9. Nf3 Nb4 10. Qe2 Bxe3 11. a3 cxd4 12. axb4 dxc3 13. bxc3 h3 14. gxh3 d6 15. Qb5+ Bd7 16. Qxb6 Bxb6 17. Nd4 Rc8 18. Kd2 Rg8 19. Re1 Kd8 20. Bd3 Bxh3 21. Rhg1 Kc7 22. Rg3 Rxg3 23. hxg3 Rg8 24. Rh1 Rxg3 25. Ne2 Be3+ 26. Ke1 Rf3 27. Nd4 Bg2 28. Rxh7 Rf4 29. Ke2 Bxe4 30. Kxe3 e5 31. Bxe4 Kb6 32. Nf5 d5 33. Bxd5 Rxf5 34. Rxf7 Rh5 35. Rf6+ Kb5 36. Re6 Rh3+ 37. Bf3 Kc4 38. Rxe5 Kxc3 39. Rb5 b6 40. Ke4 Kxc2 41. Bg4 Rb3 42. Be6 Rb2 43. Kd5 Kc3 44. Kc6 Rxb4 0-1


[Site "https://www.chess.com"]

[Event "Titled Tuesday Blitz August 22 Early 2023"]
[White "Tologon tegin, Semetei"]
[Black "Petrova, Irina"]
[WhiteFideId "13800574"]
[BlackFideId "14124122"]
[WhiteElo "2631"]
[BlackElo "2369"]
[Result "1-0"]
[Round "1"]
[TimeControl "180+1"]
[Date "2023.08.22"]
[WhiteClock "0:01:12"]
[BlackClock "0:01:00"]
[Board "142"]

1. e4 d6 2. d4 Nf6 3. Nc3 e5 4. Nf3 Nbd7 5. Bc4 Be7 6. O-O O-O 7. Re1 c6 8. a4 h6 9. h3 Re8 10. Ba2 Bf8 11. dxe5 Nxe5 12. Nd4 c5 13. Nf5 Bxf5 14. exf5 d5 15. Bf4 Nc4 16. Rxe8 Qxe8 17. Nxd5 Nxd5 18. Qxd5 Nxb2 19. Qxb7 Nxa4 20. Bxf7+ Qxf7 21. Qxa8 Nc3 22. Bd6 Nb5 23. Bxf8 Qxf8 24. Qxf8+ Kxf8 25. Ra5 a6 26. Rxa6 Nd4 27. Ra5 Nxc2 28. Rxc5 Nd4 29. g4 Kf7 30. Kg2 Kf6 31. f4 Kf7 32. g5 hxg5 33. fxg5 Nb3 34. Rc7+ Kf8 35. Kg3 Nd4 36. Kg4 Ne2 37. h4 Kg8 38. h5 Kh7 39. h6 Kh8 40. hxg7+ Kg8 41. f6 Nd4 42. Rc8+ 1-0


[Site "https://www.chess.com"]

[Event "Titled Tuesday Blitz August 22 Early 2023"]
[White "Akylbek2021"]
[Black "Chen, Ryo"]
[BlackFideId "7003072"]
[WhiteElo "2368"]
[BlackElo "2631"]
[Result "0-1"]
[Round "1"]
[TimeControl "180+1"]
[Date "2023.08.22"]
[WhiteClock "0:00:40"]
[BlackClock "0:00:54"]
[Board "143"]

1. d4 Nf6 2. Nc3 d5 3. Bf4 g6 4. e3 Bg7 5. h4 h5 6. Nf3 O-O 7. Ne5 c6 8. Bd3 Nbd7 9. Qd2 Nxe5 10. Bxe5 Nd7 11. Bxg7 Kxg7 12. f4 Nf6 13. f5 Bxf5 14. Bxf5 gxf5 15. O-O-O e6 16. Qe2 Ng4 17. Qf3 Qf6 18. Ne2 Rh8 19. Nf4 Rac8 20. Rh3 c5 21. Rg3 cxd4 22. exd4 Kf8 23. Kb1 Qxh4 24. Rh3 Qf2 25. Qa3+ Kg7 26. Nxe6+ fxe6 27. Qe7+ Kg6 28. Qxe6+ Nf6 29. Rc1 Rhe8 30. Qd6 Qxc2+ 0-1


[Site "https://www.chess.com"]

[Event "Titled Tuesday Blitz August 22 Early 2023"]
[White "Aslanov, Umid"]
[Black "Young_Catalan_Player09"]
[WhiteFideId "13412620"]
[WhiteElo "2630"]
[BlackElo "2368"]
[Result "1-0"]
[Round "1"]
[TimeControl "180+1"]
[Date "2023.08.22"]
[WhiteClock "0:00:29"]
[BlackClock "0:01:00"]
[Board "144"]

1. e4 c5 2. Nf3 d6 3. d4 cxd4 4. Nxd4 Nf6 5. Nc3 a6 6. Bc4 e6 7. Bb3 b5 8. O-O Qc7 9. Qf3 Nbd7 10. Re1 Be7 11. Qg3 Nc5 12. f3 O-O 13. Be3 Bb7 14. Rad1 Rac8 15. Bh6 Nh5 16. Qg4 Nxb3 17. axb3 Qc5 18. Be3 Nf6 19. Nf5 exf5 20. Qg3 Qc7 21. exf5 d5 22. Bf4 Bd6 23. Bxd6 Qb6+ 24. Kh1 Rfe8 25. Be5 d4 26. Bxd4 Rxe1+ 27. Qxe1 Qc6 28. Qg3 Nh5 29. Qg4 g6 30. fxg6 hxg6 31. Qg5 b4 32. Qh6 Nf6 33. Ne4 1-0


[Site "https://www.chess.com"]

[Event "Titled Tuesday Blitz August 22 Early 2023"]
[White "Rego, Pedro Filipe"]
[Black "Mendez Fortes, Eduardo Jesus"]
[WhiteFideId "1904310"]
[BlackFideId "3502376"]
[WhiteElo "2367"]
[BlackElo "2630"]
[Result "0-1"]
[Round "1"]
[TimeControl "180+1"]
[Date "2023.08.22"]
[WhiteClock "0:00:00"]
[BlackClock "0:00:13"]
[Board "145"]

1. e4 c5 2. Nf3 d6 3. d4 cxd4 4. Nxd4 Nf6 5. Nc3 a6 6. Bd3 e5 7. Nf5 g6 8. Ne3 Be6 9. O-O Bg7 10. a4 O-O 11. Ncd5 Nxd5 12. exd5 Bc8 13. c4 a5 14. Nc2 f5 15. Na3 Na6 16. Nb5 b6 17. Be2 f4 18. f3 Nc5 19. Bd2 Bf5 20. Bc3 Qe7 21. Re1 Bf6 22. Ra3 Bh4 23. Rf1 Rae8 24. b4 axb4 25. Bxb4 e4 26. a5 bxa5 27. Bxc5 dxc5 28. Rxa5 exf3 29. Bxf3 Qe3+ 30. Kh1 Bd3 31. Ra3 Bxf1 32. Rxe3 Rxe3 33. Qxf1 Re1 34. Qxe1 Bxe1 35. Nc7 Rb8 36. d6 Rb1 37. g4 fxg3 38. Kg2 gxh2 39. Kxh2 Bc3 40. Bd5+ Kh8 41. Ne8 Be5+ 42. Kh3 Rb8 43. d7 Rd8 44. Bc6 Kg8 45. Kg4 Kf7 46. Kf3 Ke7 47. Ke4 Bd4 48. Nc7 Rxd7 49. Nd5+ Kd6 50. Bxd7 Kxd7 51. Nf4 Ke7 52. Nd5+ Kf7 53. Nc7 h5 54. Nb5 g5 55. Kf5 g4 56. Nd6+ Ke7 57. Ne4 Be3 58. Ng3 h4 59. Nf1 h3 60. Kxg4 Ke6 61. Kxh3 Bf4 62. Kg4 Ke5 63. Kf3 Kf5 64. Ke2 Ke4 65. Kd1 Kd3 66. Ke1 Kxc4 67. Kd1 Kb3 0-1


[Site "https://www.chess.com"]

[Event "Titled Tuesday Blitz August 22 Early 2023"]
[White "Sun, Rick"]
[Black "Alfaro, William"]
[WhiteFideId "30909481"]
[BlackFideId "6100457"]
[WhiteElo "2630"]
[BlackElo "2360"]
[Result "1-0"]
[Round "1"]
[TimeControl "180+1"]
[Date "2023.08.22"]
[WhiteClock "0:00:42"]
[BlackClock "0:00:00"]
[Board "146"]

1. e4 c5 2. Nf3 d6 3. d4 cxd4 4. Nxd4 Nf6 5. Nc3 g6 6. Be3 Bg7 7. f3 Nc6 8. Qd2 O-O 9. Bc4 Bd7 10. h4 h5 11. g4 Ne5 12. Bb3 hxg4 13. f4 Nf3+ 14. Nxf3 gxf3 15. O-O-O Bg4 16. Rdg1 Qa5 17. f5 Kh7 18. h5 gxh5 19. Kb1 Qe5 20. Bd4 Nxe4 21. Nxe4 Qxd4 22. Qxd4 Bxd4 23. Rxg4 1-0


[Site "https://www.chess.com"]

[Event "Titled Tuesday Blitz August 22 Early 2023"]
[White "Gutkin, Ilya"]
[Black "Nefedov, Sergey"]
[WhiteFideId "16203470"]
[BlackFideId "24113417"]
[WhiteElo "2359"]
[BlackElo "2629"]
[Result "1-0"]
[Round "1"]
[TimeControl "180+1"]
[Date "2023.08.22"]
[WhiteClock "0:00:39"]
[BlackClock "0:01:36"]
[Board "147"]

1. e4 d5 2. exd5 Qxd5 3. Nc3 Qd8 4. d4 Nf6 5. Nf3 c6 6. h3 Bf5 7. Bd3 Bg6 8. O-O e6 9. Re1 Be7 10. Bf4 O-O 11. Bxg6 hxg6 12. Qd3 Nd5 13. Nxd5 cxd5 14. Bxb8 Rxb8 15. Qb3 b5 16. c3 Qc7 17. Reb1 Rfc8 18. Ne5 Bd6 19. Nd3 a5 20. a4 b4 21. cxb4 Bxb4 22. Rc1 Qd7 23. Rxc8+ Qxc8 24. Rc1 Qa6 25. Nc5 Qa7 26. Qg3 Bxc5 27. Rxc5 Rxb2 28. Rc8+ Kh7 29. Qh4# 1-0


[Site "https://www.chess.com"]

[Event "Titled Tuesday Blitz August 22 Early 2023"]
[White "Zarubitski, Viachaslau"]
[Black "Topalov, Aleksandar"]
[WhiteFideId "13509373"]
[BlackFideId "925659"]
[WhiteElo "2627"]
[BlackElo "2357"]
[Result "1-0"]
[Round "1"]
[TimeControl "180+1"]
[Date "2023.08.22"]
[WhiteClock "0:00:16"]
[BlackClock "0:00:00"]
[Board "148"]

1. e4 e6 2. d3 c5 3. Nf3 Nc6 4. g3 g6 5. Bg2 Bg7 6. O-O Nge7 7. Re1 e5 8. Nc3 O-O 9. Nd5 d6 10. c3 Bg4 11. h3 Bxf3 12. Nxe7+ Qxe7 13. Qxf3 Rab8 14. a3 a5 15. a4 b5 16. axb5 Rxb5 17. h4 h6 18. Qd1 Rb6 19. Qa4 Kh7 20. Ra2 Rfb8 21. Bf3 Qc7 22. Kg2 R6b7 23. h5 g5 24. Bg4 Kg8 25. Rf1 Rb6 26. Kh3 Qe7 27. Qd1 R6b7 28. Qf3 Rb6 29. Qe2 R6b7 30. Be3 Rb6 31. Rfa1 Qb7 32. Bc1 Qe7 33. Ra4 R6b7 34. Bf5 Rb6 35. R1a2 R6b7 36. Be3 Rb6 37. Qc2 Qb7 38. Bc1 Qe7 39. Kg2 R6b7 40. Bg4 Rb6 41. Ra1 R6b7 42. R4a2 Rb6 43. Qa4 Qc7 44. Qc4 R6b7 45. Be3 Rb6 46. Rf1 Rxb2 47. Rxb2 Rxb2 48. Ra1 Rb6 49. Bf5 Rb7 50. Bg6 Qd7 51. Bf5 Rb6 52. Bxd7 1-0


[Site "https://www.chess.com"]

[Event "Titled Tuesday Blitz August 22 Early 2023"]
[White "Ozalp, Burak"]
[Black "SmirnovAlexandrA"]
[WhiteFideId "6314210"]
[WhiteElo "2355"]
[BlackElo "2623"]
[Result "0-1"]
[Round "1"]
[TimeControl "180+1"]
[Date "2023.08.22"]
[WhiteClock "0:00:14"]
[BlackClock "0:00:34"]
[Board "149"]

1. e4 d5 2. exd5 Qxd5 3. Nc3 Qd6 4. d4 Nf6 5. Nf3 a6 6. g3 Bg4 7. h3 Bh5 8. Bg2 Nc6 9. d5 Ne5 10. Bf4 Bxf3 11. Bxf3 Nxf3+ 12. Qxf3 e5 13. Bg5 Be7 14. O-O O-O-O 15. Rad1 Kb8 16. Rfe1 h6 17. Bxf6 Qxf6 18. Qxf6 Bxf6 19. Ne4 Be7 20. g4 h5 21. g5 f6 22. h4 Rhf8 23. Kg2 b5 24. a3 Rd7 25. Rd3 f5 26. Ng3 e4 27. Rdd1 g6 28. f4 Rfd8 29. Ne2 Rxd5 30. Nc3 Rd2+ 31. Rxd2 Rxd2+ 32. Re2 Rxe2+ 33. Nxe2 c5 34. Nc3 Kc7 35. Nd5+ Kd6 36. Nxe7 Kxe7 37. Kf2 Kd6 38. Ke3 Kd5 39. b3 b4 40. a4 c4 41. Ke2 cxb3 42. cxb3 Kd4 43. Kd2 a5 44. Ke2 Kc3 0-1


[Site "https://www.chess.com"]

[Event "Titled Tuesday Blitz August 22 Early 2023"]
[White "Turayev, Shahruh"]
[Black "Okike, David"]
[WhiteFideId "14003856"]
[BlackFideId "8500134"]
[WhiteElo "2623"]
[BlackElo "2354"]
[Result "1-0"]
[Round "1"]
[TimeControl "180+1"]
[Date "2023.08.22"]
[WhiteClock "0:00:13"]
[BlackClock "0:01:21"]
[Board "150"]

1. e4 c5 2. Nc3 Nc6 3. Bb5 e6 4. Bxc6 dxc6 5. f4 e5 6. d3 exf4 7. Nf3 Bd6 8. e5 Bc7 9. O-O Ne7 10. Bxf4 O-O 11. Qd2 Bg4 12. Rae1 b6 13. Kh1 Ng6 14. Bg3 Qd7 15. Ne4 Rfe8 16. Nfg5 Re7 17. h3 Be6 18. Nf6+ gxf6 19. Ne4 Kg7 20. exf6+ Kh8 21. Qh6 Rg8 22. Ng5 Nf8 23. fxe7 Qxe7 24. Bxc7 Qxc7 25. Rxe6 Rg7 26. Re8 Kg8 27. Nxh7 Qe7 28. Rxf8+ Qxf8 29. Nxf8 Kxf8 30. Qh8+ Rg8 31. Qf6 Rg7 32. Qd8# 1-0


[Site "https://www.chess.com"]

[Event "Titled Tuesday Blitz August 22 Early 2023"]
[White "Tanwir, Furqan"]
[Black "Iskusnyh, Sergei"]
[WhiteFideId "2023962"]
[BlackFideId "4120027"]
[WhiteElo "2352"]
[BlackElo "2621"]
[Result "0-1"]
[Round "1"]
[TimeControl "180+1"]
[Date "2023.08.22"]
[WhiteClock "0:01:54"]
[BlackClock "0:01:06"]
[Board "151"]

1. e4 e6 2. d4 d5 3. Nc3 Nf6 4. e5 Nfd7 5. f4 c5 6. Nf3 Nc6 7. Be3 a6 8. Qd2 b5 9. dxc5 Bxc5 10. Nd4 Qb6 11. O-O-O Nxd4 12. Bxd4 Bxd4 13. Qxd4 Qxd4 14. Rxd4 Nc5 15. Bd3 Bd7 16. h4 Ke7 17. Rh3 h5 18. Rg3 g6 19. Kd2 Rhc8 20. Ne2 a5 21. Rf3 b4 22. g4 hxg4 23. Rg3 Rc7 24. Rxg4 Rac8 25. c3 Nxd3 26. Rxd3 Bb5 27. Re3 Bxe2 28. Kxe2 bxc3 29. bxc3 Rxc3 30. Rxc3 Rxc3 31. f5 exf5 32. Ra4 Rc5 33. Ke3 Ke6 34. Kd4 Rc4+ 35. Rxc4 dxc4 36. a4 f4 37. Kxc4 Kxe5 38. h5 gxh5 0-1


[Site "https://www.chess.com"]

[Event "Titled Tuesday Blitz August 22 Early 2023"]
[White "Sharan, Rao"]
[Black "Senft, Sean"]
[WhiteFideId "5073464"]
[BlackFideId "2044960"]
[WhiteElo "2620"]
[BlackElo "2347"]
[Result "1-0"]
[Round "1"]
[TimeControl "180+1"]
[Date "2023.08.22"]
[WhiteClock "0:00:06"]
[BlackClock "0:00:07"]
[Board "152"]

1. d4 d5 2. Nf3 Nf6 3. Bf4 c6 4. e3 Bf5 5. c4 a6 6. Nc3 e6 7. Qb3 Ra7 8. Be2 Bd6 9. Bg3 O-O 10. Ne5 Ne4 11. Nxe4 Bxe4 12. O-O f6 13. Nd3 Bxg3 14. hxg3 Bxd3 15. Bxd3 Nd7 16. Rad1 Kh8 17. e4 Nb6 18. c5 Nd7 19. Rfe1 Qc7 20. Qc2 h6 21. Qe2 b6 22. Qg4 bxc5 23. exd5 f5 24. Qg6 cxd5 25. Rxe6 Nf6 26. Bxf5 Kg8 27. Rde1 Qf7 28. Qxf7+ Raxf7 29. dxc5 Rc7 30. b4 a5 31. a3 axb4 32. axb4 Rb8 33. Bg6 Rcc8 34. Rb6 Rxb6 35. cxb6 Rb8 36. Re6 Kf8 37. f3 d4 38. Kf2 Ng8 39. Ke2 Ne7 40. Be4 Kf7 41. Rd6 Nc8 42. Rd7+ Ke6 43. Rxd4 Rxb6 44. Kd3 Nd6 45. g4 Nb5 46. Rc4 Rd6+ 47. Kc2 Nd4+ 48. Kb2 Nb5 49. Rc6 Rxc6 50. Bxc6 Nd4 51. Be4 Ke5 52. Kc3 Ne6 53. Kc4 Kf4 54. b5 Kg3 55. b6 Nd8 56. b7 Nxb7 57. Bxb7 Kxg2 58. Kd4 Kg3 59. Ke5 g6 60. Ke4 h5 61. gxh5 gxh5 62. f4 h4 63. Ke5 Kg4 64. f5 Kg5 65. f6 h3 66. Ke6 h2 67. f7 h1=Q 68. Bxh1 1-0


[Site "https://www.chess.com"]

[Event "Titled Tuesday Blitz August 22 Early 2023"]
[White "Ziatdinov, Raset"]
[Black "Gimenez Aguirre, Alejo Ismael"]
[WhiteFideId "2015323"]
[BlackFideId "32041667"]
[WhiteElo "2346"]
[BlackElo "2620"]
[Result "0-1"]
[Round "1"]
[TimeControl "180+1"]
[Date "2023.08.22"]
[WhiteClock "0:00:07"]
[BlackClock "0:01:11"]
[Board "153"]

1. e4 c5 2. Nf3 g6 3. d4 cxd4 4. Nxd4 Bg7 5. Nc3 Nc6 6. Be3 Nf6 7. Bc4 O-O 8. Bb3 d6 9. f3 Nxd4 10. Bxd4 Bd7 11. Qd2 b5 12. O-O-O a5 13. Nd5 Nxd5 14. Bxd5 Rc8 15. Bxg7 Kxg7 16. h4 h5 17. g4 Rh8 18. Qd4+ f6 19. Rdg1 hxg4 20. fxg4 Qc7 21. c3 Qc5 22. Qxc5 Rxc5 23. g5 f5 24. Re1 e5 25. Kb1 f4 26. Rh2 Bg4 27. Rg1 Bf3 28. Rf1 Bh5 29. Kc2 b4 30. c4 a4 31. Kd3 Rb8 32. Rff2 b3 33. a3 Kf8 34. Rh1 Ke7 35. Rc1 Rh8 36. Rh2 Bg4 37. Re1 Rh7 38. Rc1 Rc8 39. Rg1 Be6 40. Rgh1 Kd7 41. Bxe6+ Kxe6 42. Rd1 Rch8 43. Rdh1 Kd7 44. Kc3 Kc6 45. Kb4 Ra8 46. h5 gxh5 47. Rxh5 Rb7+ 48. Kc3 Rg7 49. Rg1 Rf8 50. g6 f3 51. Rf5 Rfg8 52. Rxf3 Rxg6 53. Rxg6 Rxg6 54. Rf8 Rg2 55. Ra8 Rc2+ 56. Kb4 Rxb2 57. Rxa4 Rb1 58. Kc3 b2 59. Rb4 Rc1+ 60. Kxb2 Re1 61. Kb3 Rxe4 62. a4 Re3+ 63. Kb2 Re2+ 64. Kb3 e4 65. Rb8 Re1 66. Re8 Kc5 67. Kc3 Rc1+ 68. Kd2 Rxc4 69. a5 d5 70. a6 Ra4 71. Rc8+ Kd4 72. Rc6 Ra2+ 73. Rc2 Rxa6 74. Rb2 Rh6 75. Kd1 Rh3 76. Rd2+ Ke5 77. Rg2 d4 78. Rg5+ Kf4 79. Rg8 Ke3 80. Rf8 Rh1+ 81. Rf1 0-1


[Site "https://www.chess.com"]

[Event "Titled Tuesday Blitz August 22 Early 2023"]
[White "Bodnaruk, Anastasia"]
[Black "Pavlidou, Ekaterini"]
[WhiteFideId "4181751"]
[BlackFideId "4213262"]
[WhiteElo "2618"]
[BlackElo "2345"]
[Result "1-0"]
[Round "1"]
[TimeControl "180+1"]
[Date "2023.08.22"]
[WhiteClock "0:00:18"]
[BlackClock "0:00:16"]
[Board "154"]

1. e4 c5 2. Nc3 g6 3. Nge2 Bg7 4. d4 cxd4 5. Nxd4 Nc6 6. Be3 Nf6 7. Bc4 O-O 8. Bb3 Na5 9. O-O Nxb3 10. Nxb3 b5 11. e5 Ne8 12. f4 a6 13. a4 b4 14. Nd5 Rb8 15. a5 e6 16. Bb6 Qh4 17. Nxb4 Bb7 18. Nc5 Bh6 19. Qd2 Ba8 20. Nxd7 Ng7 21. Nxb8 Rxb8 22. Rad1 Nf5 23. Qf2 Qg4 24. Rd3 Be4 25. h3 Qh4 26. Qxh4 Nxh4 27. Rd2 g5 28. fxg5 Bxg5 29. Re2 Bg6 30. Rd1 Bh5 31. g4 Bg6 32. Kf2 Ra8 33. Kg3 h5 34. Be3 f6 35. Nc6 hxg4 36. hxg4 Be8 37. Nd4 Kf7 38. Rf1 Ke7 39. exf6+ Bxf6 40. Rxf6 Kxf6 41. Kxh4 e5 42. Nf5 Bg6 43. Bg5+ Ke6 44. Bf4 Bxf5 45. gxf5+ Kxf5 46. Bxe5 Re8 47. Rf2+ Ke4 48. Bc3 Rc8 49. Rf6 Rh8+ 50. Kg5 Rg8+ 51. Rg6 Ra8 52. Rd6 Rg8+ 53. Kf6 Rf8+ 54. Ke7 Ra8 55. Kd7 Ra7+ 56. Kc6 Rh7 57. Kb6 1-0


[Site "https://www.chess.com"]

[Event "Titled Tuesday Blitz August 22 Early 2023"]
[White "Bifulco, Michel"]
[Black "Maltsevskaya, Aleksandra"]
[WhiteFideId "828580"]
[BlackFideId "24174041"]
[WhiteElo "2344"]
[BlackElo "2617"]
[Result "0-1"]
[Round "1"]
[TimeControl "180+1"]
[Date "2023.08.22"]
[WhiteClock "0:00:02"]
[BlackClock "0:00:28"]
[Board "155"]

1. d4 Nf6 2. c4 g6 3. Nc3 Bg7 4. e4 d6 5. Nf3 O-O 6. Be2 Nbd7 7. O-O e5 8. Bg5 exd4 9. Nxd4 h6 10. Be3 Re8 11. f3 c6 12. Qd2 Kh7 13. Rad1 d5 14. cxd5 cxd5 15. Nxd5 Nxd5 16. exd5 Qe7 17. Nc2 Nb6 18. b3 Bf5 19. d6 Qd8 20. Bb5 Re5 21. Nd4 Qxd6 22. Nxf5 Qxd2 23. Rxd2 Rxf5 24. Bd3 Rd5 25. Be4 Rxd2 26. Bxd2 f5 27. Bxb7 Rb8 28. Bc6 Rc8 29. Rc1 Bb2 30. Rc2 Bd4+ 31. Kf1 Nd5 32. b4 Ne3+ 33. Bxe3 Bxe3 34. b5 Kg7 35. a4 Rd8 36. Ke2 Bb6 37. Rd2 Rc8 38. Rd7+ Kf6 39. Kd3 h5 40. Rd6+ Ke5 41. Rxg6 Rd8+ 42. Kc3 Ba5+ 43. Kc2 Rd2+ 44. Kc1 Rf2 45. Rg7 Kd4 46. Rd7+ Kc3 47. g3 Bb6 48. Rd1 Be3+ 49. Kb1 Rxh2 50. a5 Rb2+ 51. Ka1 Kc2 52. Rd5 Rb4 53. b6 axb6 54. axb6 Rxb6 55. Ba4+ Kc3 56. Rd1 Ra6 57. Kb1 Rxa4 58. Re1 Rb4+ 59. Ka2 Bd2 60. Rd1 Kc2 61. Rf1 Ra4# 0-1


[Site "https://www.chess.com"]

[Event "Titled Tuesday Blitz August 22 Early 2023"]
[White "Altman, Joshua"]
[Black "Vaglio Munoz, Jaime"]
[WhiteFideId "426210"]
[BlackFideId "6500145"]
[WhiteElo "2616"]
[BlackElo "2339"]
[Result "1-0"]
[Round "1"]
[TimeControl "180+1"]
[Date "2023.08.22"]
[WhiteClock "0:00:56"]
[BlackClock "0:00:36"]
[Board "156"]

1. d4 c5 2. d5 d6 3. c4 b5 4. cxb5 a6 5. bxa6 Bxa6 6. Nc3 g6 7. e4 Bxf1 8. Kxf1 Bg7 9. Nge2 Nd7 10. h3 Ngf6 11. Kg1 O-O 12. Kh2 Qb6 13. Qc2 c4 14. Be3 Qa6 15. Nd4 Rfc8 16. Rhd1 Kf8 17. Kh1 Rab8 18. Rab1 Rb7 19. f4 Nh5 20. Nc6 Nb6 21. Qf2 Na4 22. Bd4 Bh6 23. Ne2 e6 24. g4 Rxc6 25. dxc6 Qxc6 26. gxh5 Qxe4+ 27. Qg2 Qxg2+ 28. Kxg2 d5 29. hxg6 hxg6 30. b3 cxb3 31. axb3 Nb6 32. Ra1 Ke7 33. Rdc1 f6 34. Rc6 Nd7 35. Ra7 Rxa7 36. Bxa7 e5 37. fxe5 Nxe5 38. Rc7+ Ke6 39. Nd4+ Kd6 40. Bb8 Be3 41. Rc3+ Kd7 42. Rxe3 1-0


[Site "https://www.chess.com"]

[Event "Titled Tuesday Blitz August 22 Early 2023"]
[White "laidfrq"]
[Black "Amartuvshin, Ganzorig"]
[BlackFideId "4902548"]
[WhiteElo "2338"]
[BlackElo "2615"]
[Result "0-1"]
[Round "1"]
[TimeControl "180+1"]
[Date "2023.08.22"]
[WhiteClock "0:00:19"]
[BlackClock "0:00:11"]
[Board "157"]

1. e4 e5 2. Nf3 Nf6 3. Nxe5 d6 4. Nf3 Nxe4 5. Nc3 Nxc3 6. dxc3 Be7 7. Be3 O-O 8. Qd2 Nd7 9. O-O-O Nf6 10. Bd3 c5 11. Kb1 Be6 12. h3 Qa5 13. a3 c4 14. Be2 Ne4 15. Qd4 d5 16. Ne5 Bxa3 17. Nxc4 Nxc3+ 18. Qxc3 Qxc3 19. bxc3 dxc4 20. Bf3 Rfc8 21. Ka2 Bc5 22. Bxb7 Bxe3 23. fxe3 h6 24. Bxa8 Rxa8 25. Rd6 Rc8 26. Rhd1 Rc5 27. Ra6 Rg5 28. g4 h5 29. gxh5 Rxh5 30. Rxa7 Rxh3 31. Re1 Rh2 32. Kb2 g5 33. Rg1 g4 34. Ra6 Rh4 35. e4 Kg7 36. Ra5 Kg6 37. Rg2 Rh3 38. Ra6 Kg5 39. Ra5+ Kf4 40. Ra1 Kxe4 41. Re1+ Re3 42. Reg1 Kf4 43. Rf2+ Rf3 44. Rd2 g3 45. Rd4+ Ke3 46. Rh4 Kf2 47. Rd1 g2 48. Rh2 Kg3 49. Rh8 Rf1 50. Rg8+ Bg4 51. Rd4 f5 52. Rxc4 g1=Q 53. Rcxg4+ fxg4 54. Rb8 Rb1+ 55. Ka3 Qa7# 0-1


[Site "https://www.chess.com"]

[Event "Titled Tuesday Blitz August 22 Early 2023"]
[White "Sadzikowski, Daniel"]
[Black "Lopez Del Alamo, Antonio"]
[WhiteFideId "1132253"]
[BlackFideId "2227339"]
[WhiteElo "2615"]
[BlackElo "2338"]
[Result "1/2-1/2"]
[Round "1"]
[TimeControl "180+1"]
[Date "2023.08.22"]
[WhiteClock "0:00:44"]
[BlackClock "0:00:43"]
[Board "158"]

1. e4 c5 2. Nf3 e6 3. d4 cxd4 4. Nxd4 Nf6 5. Nc3 Nc6 6. Nxc6 bxc6 7. e5 Nd5 8. Ne4 Bb7 9. Be2 c5 10. O-O Qc7 11. Nd6+ Bxd6 12. exd6 Qc6 13. Bf3 c4 14. Qd4 O-O 15. b3 Rfc8 16. Be3 cxb3 17. cxb3 Qxd6 18. Rfc1 a5 19. Bd2 f6 20. Rxc8+ Bxc8 21. Bxd5 Qxd5 22. Qxd5 exd5 23. Bc3 Bb7 24. a4 d4 25. Bxd4 Bd5 26. Rb1 Rb8 27. Bc3 Rxb3 28. Rxb3 Bxb3 29. Bxa5 Bxa4 30. h4 Kf7 31. f3 Ke6 32. Kf2 g6 33. Ke3 h5 34. Bd8 Kf5 35. g3 Bc6 36. Be7 g5 37. hxg5 fxg5 38. Bd8 d5 39. Be7 d4+ 40. Kxd4 Bxf3 41. Ke3 Kg4 42. Kf2 h4 43. gxh4 gxh4 44. Bxh4 1/2-1/2


[Site "https://www.chess.com"]